 Dungeon Crawl Stone Soup version 0.31.0-4-g52a2dc7128 (webtiles) character file.

Game seed: 8876854946686835271

51 Crownlay the Trooper (level 4, 0/37 HPs)
             Began as a Djinni Monk on Jan 23, 2024.
             Slain by a hobgoblin (5 damage)
             ... led by Robin
             ... on level 2 of the Dungeon.
             The game lasted 00:01:39 (1305 turns).

Crownlay the Trooper (Djinni Monk)                  Turns: 1305, Time: 00:01:40

Health: 0/37       AC:  2    Str: 10    XL:     4   Next: 5%
Gold:   180        EV: 13    Int: 14    God:
                   SH:  0    Dex: 15

rFire   + + .        a - +0 short sword
rCold   x . .        d - orb {light}
rNeg    . . .        b - +0 robe
rPois   ∞            (no helmet)
rElec   .            (no cloak)
rCorr   .            (no gloves)
SInv    .            (boots unavailable)
Will    .....        (no amulet)
Stlth   +            (no ring)
HPRegen 0.26/turn    (no ring)
MPRegen 0.00/turn

%: infuse magic (-1 HP)
@: flying, very slightly contaminated, glowing
A: sickness immunity, fire resistance 2, cold vulnerability 1, float, innate
caster, HP casting, extra vitality 1
a: no special abilities


You were on level 2 of the Dungeon.
You visited 1 branch of the dungeon, and saw 2 of its levels.

You collected 180 gold pieces.

Inventory:

Hand Weapons
 a - a +0 short sword (weapon)
Armour
 b - a +0 robe (worn)
 d - an orb of light (worn)
Scrolls
 g - a scroll of identify {unknown}
 h - a scroll of blinking {unknown}
Potions
 c - 2 potions of ambrosia
 e - a potion of resistance {unknown}
 f - a potion of brilliance {unknown}


   Skills:
 * Level 4.1 Fighting
 - Level 2.6 Short Blades
 - Level 3.2 Dodging
 + Level 1.2 Spellcasting
 + Level 1.2 Conjurations
 + Level 1.2 Hexes
   Level 0.0 Charms
 + Level 1.2 Summonings
 + Level 1.2 Necromancy
 + Level 1.2 Translocations
   Level 0.0 Transmutations
 + Level 1.2 Fire Magic
 + Level 1.2 Ice Magic
 + Level 1.2 Air Magic
 + Level 1.2 Earth Magic
 + Level 1.2 Alchemy


You knew the following spells:

 Your Spells              Type           Power      Damage    Failure   Level
a - Foxfire               Conj/Fire      16%        2x1d4     16%         1
Your spell library was empty.

Dungeon Overview and Level Annotations

Branches:
Dungeon (2/15)

Altars:

Annotations:
D:2 Robin


Innate Abilities, Weirdness & Mutations

You are immune to sickness and miasma.
You are immune to poison.
Your flesh is very heat resistant. (rF++)
You are vulnerable to cold. (rC-)
You float through the air rather than walking.
You learn spells naturally, not from books.
Your magical power is your life essence.
You have superior vitality. (+4 MHP)


Message History

You feel clever.
You conjure some foxfire!
The goblin hits you with a +0 club. The goblin hits you with a +0 dagger.
You conjure some foxfire!
The foxfire hits the goblin.
The goblin is heavily wounded.
The foxfire hits the goblin.
You kill the goblin!
The goblin barely misses you.
You conjure some foxfire!
The foxfire hits the goblin.
The goblin is severely wounded.
The foxfire hits the hobgoblin but does no damage.
The goblin barely misses you. The goblin closely misses you.
Robin says, "Bow before me, strongest of all the hobgoblins!"
The hobgoblin hits you.
You miscast Foxfire.
Nothing appears to happen.
The foxfire hits Robin.
Robin is moderately wounded.
The foxfire hits the hobgoblin but does no damage.
The goblin barely misses you. The hobgoblin barely misses you.
You conjure some foxfire!
The goblin hits you with a +0 club. x2
Robin throws the goblin at you!
* * * LOW HITPOINT WARNING * * *
The hobgoblin misses you.
You are too injured to fight recklessly!
You are too injured to fight recklessly!
You are too injured to fight recklessly!
You hit the goblin.
You kill the goblin!
The foxfire hits Robin.
Robin is heavily wounded.
The foxfire hits Robin.
Robin is heavily wounded.
The goblin barely misses you. Robin hits you with a +0 club.
* * * LOW HITPOINT WARNING * * *
The hobgoblin barely misses you.
Casting: Foxfire (safe; 16% risk of failure)
Confirm with . or Enter, or press ? or * to list all spells.
You conjure some foxfire!
* * * LOW HITPOINT WARNING * * *
The hobgoblin hits you.
You die...

##...############..#...#.#
#......# #..#...#.#
###....#########..#...#.#
#....##.........#.#.#.#
#....##.............#.#
#....##........##.#[#.#
#....##...........#>#.########
#....##......vv######.........
#....######.g@.# ##########
####....# #.gg.# .).†....#
#...)# ........# #..))#
........# #....# ........#
#..).# .....#### #....# ######
#....#


You could see Robin, a hobgoblin (strong, ally target) and a goblin (strong).

Vanquished Creatures
  An adder (D:2)
  2 ribbon worms (D:2)
  3 ball pythons
  10 goblins (D:2)
  5 hobgoblins
  7 kobolds
  3 bats
  A frilled lizard (D:1)
  4 rats
36 creatures vanquished.

Vanquished Creatures (others)
  47 foxfires (D:2)
47 creatures vanquished.

Grand Total: 83 creatures vanquished

Notes
Turn   | Place    | Note
-------+----------+-------------------------------------------
     0 | D:1      | Crownlay the Djinni Monk began the quest for the Orb.
     0 | D:1      | Reached XP level 1. HP: 20/20 MP: 0/0
   126 | D:1      | Reached XP level 2. HP: 24/25 MP: 0/0
   581 | D:2      | Found a faded altar of an unknown god.
   581 | D:2      | Noticed a crimson imp
   644 | D:2      | Reached skill level 1 in Spellcasting
   644 | D:2      | Reached skill level 1 in Conjurations
   644 | D:2      | Reached skill level 1 in Hexes
   644 | D:2      | Reached skill level 1 in Summonings
   644 | D:2      | Reached skill level 1 in Necromancy
   644 | D:2      | Reached skill level 1 in Translocations
   644 | D:2      | Reached skill level 1 in Fire Magic
   644 | D:2      | Reached skill level 1 in Ice Magic
   644 | D:2      | Reached skill level 1 in Air Magic
   644 | D:2      | Reached skill level 1 in Earth Magic
   644 | D:2      | Reached skill level 1 in Alchemy
   644 | D:2      | Reached XP level 3. HP: 31/31 MP: 0/0
   644 | D:2      | Learned a level 1 spell: Foxfire
  1295 | D:2      | Noticed Robin
  1296 | D:2      | Reached skill level 4 in Fighting
  1299 | D:2      | Reached XP level 4. HP: 30/37 MP: 0/0
  1305 | D:2      | Slain by a hobgoblin

Illustrated notes

Levels and vault maps discovered:
D:1:      evilmike_arrival_come_back, layout_rooms
D:2:      layout_basic, dreamdust_ecumenical_altar_sealed_demon, uniq_robin

Skill      XL: |  1  2  3 |
---------------+----------+-----
Spellcasting   | 1 |  1.2
Conjurations   | 1 |  1.2
Hexes          | 1 |  1.2
Summonings     | 1 |  1.2
Necromancy     | 1 |  1.2
Translocations | 1 |  1.2
Fire Magic     | 1 |  1.2
Ice Magic      | 1 |  1.2
Air Magic      | 1 |  1.2
Earth Magic    | 1 |  1.2
Alchemy        | 1 |  1.2
Fighting       | 4 |  4.1
Short Blades   | |  2.6
Dodging        | |  3.2

Action                     |  1- 3 |  4- 6 || total
---------------------------+-------+-------++-------
  Melee: Short sword       |    95 |     1 ||    96
   Cast: Foxfire           |    23 |     5 ||    28
 Armour: Robe              |    46 |     8 ||    54
  Dodge: Dodged            |    64 |     8 ||    72
